 Dungeon Crawl Stone Soup version 0.18.1-48-g4cf74bf (webtiles) character file.

4218 Galewin the Cleaver (level 10, -2/70 HPs)
             Began as a Demonspawn Berserker on July 12, 2016.
             Was a High Priest of Trog.
             Slain by a wasp (8 damage)
             ... on level 9 of the Dungeon.
             The game lasted 00:21:22 (6621 turns).

Galewin the Cleaver (Demonspawn Berserker)          Turns: 6621, Time: 00:21:23

Health: -2/70      AC:  9    Str: 22    XL:     10   Next: 9%
Magic:  10/10      EV: 11    Int:  8    God:    Trog [*****.]
Gold:   450        SH:  0    Dex: 16    Spells: 0 memorised, 9 levels left

rFire  . . .     SeeInvis .     B - +0 battleaxe
rCold  . . .     Gourm    .     p - +3 ring mail
rNeg   . . .     Faith    .     (shield currently unavailable)
rPois  .         Spirit   .     (helmet restricted)
rElec  .         Dismiss  .     n - +0 cloak
rCorr  .         Reflect  .     (no gloves)
SustAt .         Harm     .     (no boots)
MR     .....                    (no amulet)
Stlth  ++........               (no ring)
                                (no ring)

@: lethally poisoned (-2 -> -4), about to teleport, not resistant to hostile
enchantments, unstealthy
A: antennae 2, thin skeletal structure 2, powered by pain 1
a: Berserk, Trog's Hand, Brothers in Arms, Burn Spellbooks, Renounce Religion


You were on level 9 of the Dungeon.
You worshipped Trog.
Trog was extremely pleased with you.
You were not hungry.

You visited 1 branch of the dungeon, and saw 9 of its levels.
You also visited: Sewer.

You collected 450 gold pieces.

Inventory:

Hand Weapons
 B - a +0 battleaxe (weapon)
Armour
 n - a +0 cloak (worn)
 p - a +3 ring mail (worn)
Rods
 r - a -1 lightning rod (14/14)
   (You found it on level 7 of the Dungeon)
Jewellery
 h - an uncursed ring of flight
 s - an uncursed amulet of regeneration {unknown}
 u - an uncursed ring of protection from fire
 y - an uncursed ring of protection from cold
Wands
 m - a wand of lightning (9/15)
 v - a wand of slowing (34/48)
 x - a wand of polymorph (11/24)
Scrolls
 d - 2 scrolls of random uselessness
 e - 2 scrolls of teleportation
 g - 3 scrolls of identify
 k - 4 scrolls of remove curse
 w - a scroll of recharging
 D - a scroll of fog {unknown}
Potions
 b - 2 potions of degeneration {unknown}
 f - 4 potions of brilliance
 i - 4 potions of heal wounds {unknown}
 j - a potion of magic {unknown}
 l - a potion of might {unknown}
 o - a potion of haste
 q - a potion of curing {unknown}
 z - a potion of beneficial mutation {unknown}
Books
 C - a book of Conjurations

   Spells                             Type                      Level
   a - Magic Dart                     Conjuration                  1
   b - Searing Ray                    Conjuration                  2
   c - Dazzling Spray                 Conjuration/Hexes            3
   d - Fulminant Prism                Conjuration/Hexes            4
   e - Iskenderun's Mystic Blast      Conjuration                  4
   f - Iskenderun's Battlesphere      Conjuration/Charms           5
   Trog disapproves of the use of such an item.
Comestibles
 a - 3 beef jerkies
 c - 4 bread rations
 A - a meat ration


   Skills:
 - Level 3.0 Fighting
 + Level 13.2 Axes
 - Level 1.7 Armour
 - Level 1.7 Dodging


You had 9 spell levels left.
You didn't know any spells.

Dungeon Overview and Level Annotations

Branches:
Dungeon (9/15)             Temple (0/1) D:4            Lair (0/8) D:8
    Orc: D:9-12

Altars:
Ashenzari
Dithmenos
Elyvilon
Gozag
Makhleb
Sif Muna
Trog
Vehumet
Xom
Yredelemnul
Zin
The Shining One


Innate Abilities, Weirdness & Mutations

You have a pair of antennae on your head.
You have a moderately thin skeletal structure (Dex +4, Stealth+).
You sometimes gain a little power by taking damage.


Message History

You feel less exhausted.
You sense a monster nearby.
You sense a monster nearby.
No target in view!
You sense a monster nearby.
A wasp comes into view.
A worm and a wasp come into view.
The wasp stings you!
You feel yourself slow down. The wasp stings you but does no damage.
The wasp stings you!
* * * LOW HITPOINT WARNING * * *
You are poisoned.
You are too injured to fight recklessly!
Read which item? (? for menu, Esc to quit)
As you read the scroll of teleportation, it crumbles to dust.
You feel strangely unstable.
You feel yourself speed up.
You feel sick. The wasp closely misses you. The wasp stings you!
* * * LOW HITPOINT WARNING * * *
The wasp stings you!
You die...

...#.#.##............#
.....................#
..##.#.##...)........#
#.##.#.###...........#
#.##.#...............+
#.##......#.#.########
#.##<######.#.##.#w#
#...........#...#y#
#####.######..##@#{
..............#.#y#
#####.########## ##
#.# #.# #.# #.# #.# .#


You could see 2 wasps and a worm.

Vanquished Creatures
  A hippogriff (D:8)
  A sky beast (D:4)
  2 orc warriors
  A water moccasin (D:7)
  A wasp (D:9)
  An ice beast (D:7)
  A black bear (D:7)
  6 ogres
  5 centaurs
  2 phantoms
  A crocodile (Sewer)
  2 giant frogs
  A gnoll sergeant (D:8)
  A scorpion (D:6)
  9 wights
  6 killer bees (D:9)
  2 giant frog zombies
  4 crimson imps
  The ghost of mindo the Magician, a weakling DEWz (D:4)
  4 jellies
  7 orc wizards
  Crazy Yiuf (D:4)
  5 orc priests
  3 hounds
  A giant frog skeleton (D:8)
  4 iguanas
  5 worker ants
  2 hound zombies
  A hound skeleton (D:9)
  10 gnolls
  A river rat (D:3)
  8 adders
  An ooze (D:7)
  An adder zombie (D:9)
  A worm (D:2)
  A dart slug (D:1)
  8 giant geckos
  26 orcs
  3 giant cockroaches
  5 goblins
  2 hobgoblins
  5 jackals
  A quokka (D:3)
  4 ball pythons
  13 bats
  8 giant newts
  A jackal skeleton (D:4)
  9 kobolds
  A quokka zombie (D:7)
  7 rats
197 creatures vanquished.

Notes
Turn   | Place    | Note
--------------------------------------------------------------
     0 | D:1      | Galewin the Demonspawn Berserker began the quest for the Orb.
     0 | D:1      | Reached XP level 1. HP: 18/18 MP: 1/1
   309 | D:1      | Reached skill level 3 in Axes
   464 | D:1      | Gained mutation: You have a pair of small antennae on your head. [demonic ancestry]
   464 | D:1      | Reached XP level 2. HP: 24/24 MP: 2/2
   751 | D:1      | Reached ** piety under Trog
   751 | D:1      | Reached XP level 3. HP: 23/29 MP: 3/3
  1000 | D:2      | Reached skill level 4 in Axes
  1337 | D:2      | Found a deep blue altar of Sif Muna.
  1406 | D:2      | Found a shadowy altar of Dithmenos.
  1541 | D:2      | Found a basalt altar of Yredelemnul.
  1676 | D:2      | Found a glowing golden altar of the Shining One.
  1800 | D:3      | Gained mutation: You sometimes gain a little power by taking damage. [demonic ancestry]
  1800 | D:3      | Reached XP level 4. HP: 35/35 MP: 4/4
  1818 | D:3      | Reached skill level 5 in Axes
  1875 | D:3      | Found a glowing drain.
  2040 | Sewer    | Entered a sewer
  2063 | Sewer    | Noticed a crocodile
  2072 | Sewer    | Killed a crocodile
  2072 | Sewer    | Reached XP level 5. HP: 39/41 MP: 5/5
  2122 | D:3      | Reached *** piety under Trog
  2138 | D:3      | Reached skill level 6 in Axes
  2138 | D:3      | Gained mutation: You have a somewhat thin skeletal structure (Dex +2, Stealth). [demonic ancestry]
  2138 | D:3      | Reached XP level 6. HP: 4/47 MP: 6/6
  2827 | D:4      | Found a white marble altar of Elyvilon.
  2827 | D:4      | Found a burning altar of Makhleb.
  2828 | D:4      | Found a shimmering altar of Xom.
  2828 | D:4      | Noticed mindo's ghost (weakling DEWz)
  2839 | D:4      | Killed mindo's ghost
  2888 | D:4      | Noticed a sky beast
  2919 | D:4      | Killed a sky beast
  2919 | D:4      | Reached skill level 7 in Axes
  3006 | D:4      | Gained mutation: You have a moderately thin skeletal structure (Dex +4, Stealth+). [demonic ancestry]
  3006 | D:4      | Reached XP level 7. HP: 30/52 MP: 7/7
  3069 | D:4      | Found a staircase to the Ecumenical Temple.
  3156 | D:4      | Noticed Crazy Yiuf
  3165 | D:4      | Killed Crazy Yiuf
  3242 | D:5      | Entered Level 5 of the Dungeon
  3297 | D:5      | You fall through a shaft!
  3318 | D:6      | Reached skill level 8 in Axes
  3322 | D:6      | Reached **** piety under Trog
  3515 | D:5      | Reached XP level 8. HP: 22/58 MP: 8/8
  3523 | D:5      | Reached skill level 9 in Axes
  3799 | D:5      | Found a shadowy altar of Dithmenos.
  3801 | D:5      | Found a glowing silver altar of Zin.
  3801 | D:5      | Found a radiant altar of Vehumet.
  4199 | D:6      | Reached skill level 10 in Axes
  4228 | D:6      | Found a bloodstained altar of Trog.
  4229 | D:6      | Found an opulent altar of Gozag.
  4272 | D:6      | Found a shattered altar of Ashenzari.
  4272 | D:6      | Found an opulent altar of Gozag.
  4738 | D:7      | Reached skill level 11 in Axes
  4738 | D:7      | Reached XP level 9. HP: 63/63 MP: 9/9
  5579 | D:8      | Reached skill level 12 in Axes
  5632 | D:8      | Found a staircase to the Lair.
  5784 | D:8      | Reached ***** piety under Trog
  6408 | D:9      | Reached skill level 13 in Axes
  6467 | D:9      | Gained mutation: You have a pair of antennae on your head. [demonic ancestry]
  6467 | D:9      | Reached XP level 10. HP: 35/70 MP: 10/10
  6621 | D:9      | Slain by a wasp

Skill      XL: |  1  2  3  4  5  6  7  8  9 |
---------------+----------------------------+-----
Axes           | 3 4 5 6 7 8 11 13 | 13.2
Fighting       | |  3.0
Armour         | |  1.7
Dodging        | |  1.7

Action                   |  1- 3 |  4- 6 |  7- 9 | 10-12 || total
-------------------------+-------+-------+-------+-------++-------
Melee: Hand axe          |   126 |    79 |       |       ||   205
       War axe           |       |    51 |   190 |       ||   241
       Battleaxe         |       |       |   173 |    27 ||   200
Invok: Berserk           |     3 |     5 |    10 |     1 ||    19
       Burn Spellbooks   |     1 |       |     1 |       ||     2
       Trog's Hand       |     1 |       |       |     1 ||     2
  Use: Scroll            |       |     7 |     8 |     1 ||    16
       Potion            |       |       |     5 |       ||     5
 Stab: Sleeping          |       |     1 |     3 |       ||     4
  Eat: Chunk             |     3 |     8 |    16 |     3 ||    30
       Beef jerky        |     1 |     1 |       |       ||     2
       Bread ration      |       |       |     1 |       ||     1
       Royal jelly       |       |       |     1 |       ||     1
Armor: Animal skin       |    20 |     8 |       |       ||    28
       Ring mail         |       |    41 |   139 |    13 ||   193
       Skin              |       |       |     1 |       ||     1
Dodge: Dodged            |    87 |    78 |   171 |    10 ||   346
